 Dungeon Crawl Stone Soup version 0.20-a0-464-g526fb3c (webtiles) character file.

19799 ThermosAquaticus the Nimble (level 12, -8/86 HPs)
             Began as a Barachian Fire Elementalist on Jan 10, 2017.
             Was a High Priest of Cheibriados.
             Mangled by an ice devil (21 damage)
             ... on level 3 of the Lair of Beasts on Jan 11, 2017.
             The game lasted 00:53:39 (13046 turns).

ThermosAquaticus the Nimble (BaFE)                 Turns: 13046, Time: 00:53:40

Health: -8/86      AC: 12    Str: 21    XL:     12   Next: 72%
Magic:  13/21      EV: 23    Int: 31    God:    Cheibriados [*****.]
Gold:   431        SH:  0    Dex: 28    Spells: 15/23 levels left

rFire  . . .     SeeInvis .       - Unarmed
rCold  . . .     Gourm    .     N - +0 steam dragon scales
rNeg   . . .     Faith    .     (no shield)
rPois  .         Spirit   .     B - +2 hat
rElec  .         Reflect  .     y - +1 cloak
rCorr  .         Harm     .     T - +2 pair of gloves
MR     .....                    (no boots)
Stlth  +++.......               h - amulet of magic regeneration
                                u - +2 ring of dexterity
                                (no ring)

@: very slow
A: swims, slowness 1, strong legs 1
a: Hop, Bend Time, Temporal Distortion, Slouch, Step From Time, Renounce
Religion


You were on level 3 of the Lair of Beasts.
You worshipped Cheibriados.
Cheibriados was extremely pleased with you.
You were very hungry.

You visited 3 branches of the dungeon, and saw 13 of its levels.

You collected 566 gold pieces.
You spent 135 gold pieces at shops.

Inventory:

Missiles
 I - 5 throwing nets (quivered)
Armour
 j - the +3 leather armour "Guoh" {rF++ rN+++ Int-3 Stlth+, unknown}
   (You found it on level 9 of the Dungeon)

   It affects your intelligence (-3).
   It greatly protects you from fire.
   It renders you almost immune to negative energy.
   It makes you more stealthy.
 n - a +0 helmet
 t - a +0 buckler
 y - a +1 cloak (worn)
 B - a +2 hat (worn)
 N - +0 steam dragon scales (worn)
 T - a +2 pair of gloves (worn)
 V - the cursed +1 chain mail of a treasure trove {rN+ Stlth+, unknown}
   (You found it on level 1 of the Lair of Beasts)

   It protects you from negative energy.
   It makes you more stealthy.
   It has a curse placed upon it.
Jewellery
 h - an amulet of magic regeneration (around neck)
 s - an uncursed amulet of faith {unknown}
 u - a +2 ring of dexterity (right hand)
Wands
 d - a wand of paralysis (13/24)
 l - a wand of paralysis (15/24)
 r - a wand of confusion (13/48)
 v - a wand of disintegration (4/24)
 w - a wand of iceblast (7/15)
 K - a wand of lightning (6/15)
 O - a wand of digging (13/24)
 Q - a wand of paralysis (12/24)
 U - a wand of polymorph (7/24)
Scrolls
 e - a scroll of immolation {unknown}
 k - a scroll of identify
 z - a scroll of blinking
 D - 6 scrolls of remove curse
 F - 3 scrolls of amnesia
 P - a scroll of silence
 W - a scroll of teleportation
Potions
 a - a potion of brilliance
 g - 4 potions of curing
 i - 4 potions of flight
 m - a potion of might
 p - a potion of lignification
 q - a potion of invisibility
 x - a potion of heal wounds
 G - a potion of magic
 L - 4 potions of agility
 Z - a potion of cancellation
Books
 b - a book of Flames

   Spells                             Type                      Level
   a - Flame Tongue                   Conjuration/Fire             1
   b - Throw Flame                    Conjuration/Fire             2
   c - Conjure Flame                  Conjuration/Fire             3
   d - Inner Flame                    Hexes/Fire                   3
   e - Sticky Flame                   Conjuration/Fire             4
   f - Fireball                       Conjuration/Fire             5
 S - Kikubaaqudgha's Guide on Black Secrets
   (You found it on level 8 of the Dungeon)

   Spells                             Type                      Level
   a - Pain                           Necromancy                   1
Comestibles
 c - 5 bread rations
 f - 16 fruits
 A - 2 meat rations
 M - 3 beef jerkies


   Skills:
 - Level 5.0 Fighting
 - Level 10.2 Dodging
 - Level 2.0 Stealth
 + Level 9.6 Unarmed Combat
 - Level 6.1 Spellcasting
 - Level 8.1 Conjurations
 - Level 8.0 Fire Magic
 - Level 8.7 Invocations


You had 15 spell levels left.
You knew the following spells:

 Your Spells              Type           Power        Failure   Level  Hunger
a - Flame Tongue          Conj/Fire      #####        1%          1    None
b - Conjure Flame         Conj/Fire      ######..     1%          3    None
c - Sticky Flame          Conj/Fire      ######..     1%          4    ##.....


Dungeon Overview and Level Annotations

Branches:
Dungeon (9/15)             Temple (1/1) D:5            Lair (3/6) D:8
 Shoals (0/4) Lair:3        Snake (0/4) Lair:2          Orc (0/2) D:9

Altars:
Ashenzari
Cheibriados
Dithmenos
Elyvilon
Fedhas
Gozag
Hepliaklqana
Kikubaaqudgha
Makhleb
Nemelex Xobeh
Okawaru
Qazlal
Ru
Sif Muna
Trog
Uskayaw
Vehumet
Xom
Yredelemnul
Zin
The Shining One
Beogh

Shops:
D:5 !

Portals:
Ice
Cave: Lair:3


Innate Abilities, Weirdness & Mutations

You can swim through water.
You cover ground slowly.
You can hop short distances.


Message History

You hear the crackling of a melting archway.
The ice devil barely misses you. The ice devil closely misses you.
Unknown command.
You hit the ice devil but do no damage.
The ice devil is moderately wounded.
The ice devil burns! x2; The ice devil hits you.
The ice devil freezes you!!
Casting: Sticky Flame
Confirm with . or Enter, or press ? or * to list all spells.
Aiming: Flame Tongue
Press: ? - help, Shift-Dir - straight line, f/p - ice devil
Aim: an ice devil (heavily wounded, covered in liquid flames)
The flame tongue hits the ice devil.
The ice devil appears unharmed.
The ice devil is heavily wounded.
The ice devil burns! x2; The ice devil stops burning.
The ice devil hits you. The ice devil freezes you!
* * * LOW HITPOINT WARNING * * *
The ice devil hits you!
* * * LOW HITPOINT WARNING * * *
The ice devil freezes you!!
You die...

*,* *,,,*,*,*,,,,,,,
**,** **,,,,,,,,,,,,,,,
#...###*,,,,,,,,,,,,,,,,
*......,,,,,,,,,,,,,,,,,
##....#*********,,,,,,,,
#.....# ****##*,,,,,,,,
#.....###*,...#*,,,,>,,,
*#....+.##....#*........
##....#@4....∩#*........
#.....'4##....#*,.......
##....###*,,..###.#.....
#....# *****##..#.....
#....####### #..#.....
#..........####.##.....
#......................
#..##..#.###..###..P#.#
###*###### #### #######


You could see 2 ice devils.

Vanquished Creatures
  Gastronok (Lair:2)
  2 hydras
  6 two-headed ogres
  Pikel (D:9)
  Joseph (D:8)
  The ghost of Duffy the Gusty, a novice DEAE of Vehumet (D:7)
  3 elephants (Lair:2)
  Maurice (D:9)
  A black mamba (Lair:1)
  3 spiny frogs
  A komodo dragon (Lair:1)
  A hornet (D:9)
  Prince Ribbit (D:9)
  3 hippogriffs
  9 yaks (Lair:2)
  A basilisk (Lair:2)
  A wyvern (Lair:1)
  2 steam dragons
  2 wargs (D:8)
  2 nagas (Lair:2)
  Duvessa (D:6)
  8 water moccasins
  A porcupine (Lair:2)
  2 slaves (D:9)
  A black bear (D:6)
  5 orc warriors
  A phantom (D:5)
  6 ogres
  5 centaurs
  4 crocodiles
  A big kobold (D:7)
  9 bullfrogs
  A gnoll sergeant (D:7)
  A water moccasin zombie (D:8)
  A wyvern zombie (D:8)
  Dowan (D:6)
  3 scorpions
  10 killer bees (D:7)
  2 howler monkeys
  An electric eel (D:6)
  3 crimson imps
  A centaur zombie (D:5)
  2 bullfrog skeletons
  2 bullfrog zombies
  4 hounds
  2 jellies
  8 orc priests
  4 iguanas
  12 orc wizards
  9 worker ants
  A killer bee zombie (D:6)
  Robin (D:2)
  A worker ant zombie (D:6)
  6 gnolls
  5 adders
  4 shadow imps
  4 oozes
  3 adder skeletons
  2 adder zombies
  6 worms
  2 dart slugs (D:3)
  7 leopard geckos
  38 orcs
  3 giant cockroaches
  16 goblins
  14 hobgoblins
  8 jackals
  6 quokkas
  8 bats
  7 frilled lizards
  A giant cockroach zombie (D:6)
  13 kobolds
  A leopard gecko skeleton (D:5)
  6 rats
317 creatures vanquished.

Vanquished Creatures (others)
  2 slaves (D:9)
  A centaur (D:9)
  12 fungi
  2 plants (Lair:2)
17 creatures vanquished.

Grand Total: 334 creatures vanquished

Notes
Turn   | Place    | Note
-------+----------+-------------------------------------------
     0 | D:1      | ThermosAquaticus the Barachian Fire Elementalist began the quest for the Orb.
     0 | D:1      | Reached XP level 1. HP: 13/13 MP: 3/3
   308 | D:1      | Reached XP level 2. HP: 12/19 MP: 0/5
   446 | D:1      | Found a shattered altar of Ashenzari.
   830 | D:2      | Found a shimmering altar of Xom.
   830 | D:2      | Noticed Robin
  1112 | D:2      | Found a sacrificial altar of Ru.
  1180 | D:2      | Reached XP level 3. HP: 6/24 MP: 2/6
  1600 | D:2      | Learned a level 3 spell: Conjure Flame
  2113 | D:2      | Killed Robin
  2113 | D:2      | Reached XP level 4. HP: 21/30 MP: 1/8
  2578 | D:3      | Noticed a water moccasin
  2618 | D:2      | Reached XP level 5. HP: 9/35 MP: 2/9
  2629 | D:2      | Learned a level 4 spell: Sticky Flame
  3608 | D:3      | Found a shattered altar of Ashenzari.
  3852 | D:3      | Reached XP level 6. HP: 41/41 MP: 6/10
  4196 | D:3      | Found a faded altar of an unknown god.
  4196 | D:3      | Found a basalt altar of Yredelemnul.
  4201 | D:3      | Found a blossoming altar of Fedhas.
  4203 | D:3      | Found a sacrificial altar of Ru.
  4204 | D:3      | Found a faded altar of an unknown god.
  4363 | D:3      | Reached skill level 5 in Fire Magic
  4586 | D:4      | Found a sparkling altar of Nemelex Xobeh.
  4773 | D:4      | Reached XP level 7. HP: 43/46 MP: 1/11
  5017 | D:4      | Reached skill level 5 in Conjurations
  5409 | D:5      | Entered Level 5 of the Dungeon
  5409 | D:5      | Found Omexul's Distillery.
  5466 | D:5      | Bought a potion of curing for 45 gold pieces
  5466 | D:5      | Bought a potion of degeneration for 15 gold pieces
  5466 | D:5      | Bought a potion of heal wounds for 75 gold pieces
  5519 | D:5      | Found a staircase to the Ecumenical Temple.
  5528 | Temple   | Entered the Ecumenical Temple
  5567 | Temple   | Became a worshipper of Cheibriados the Contemplative
  5890 | D:5      | Reached XP level 8. HP: 52/52 MP: 8/12
  5932 | D:5      | Found a hide-covered altar of Uskayaw.
  5953 | D:5      | Reached skill level 3 in Dodging
  6355 | D:6      | Reached * piety under Cheibriados
  6398 | D:6      | Noticed Duvessa
  6398 | D:6      | Noticed Dowan
  6407 | D:6      | Killed Duvessa
  6423 | D:6      | Killed Dowan
  6423 | D:6      | Reached skill level 4 in Dodging
  6586 | D:6      | Reached skill level 5 in Dodging
  6594 | D:6      | Reached XP level 9. HP: 25/57 MP: 2/15
  6712 | D:6      | Reached ** piety under Cheibriados
  6904 | D:6      | Found a stormy altar of Qazlal.
  7570 | D:7      | Noticed Duffy's ghost (novice DEAE)
  7585 | D:7      | Killed Duffy's ghost
  7585 | D:7      | Reached skill level 6 in Dodging
  7585 | D:7      | Reached skill level 5 in Spellcasting
  7916 | D:7      | Reached skill level 7 in Dodging
  7961 | D:7      | Noticed a two-headed ogre
  7969 | D:7      | Reached skill level 1 in Invocations
  7976 | D:7      | Killed a two-headed ogre
  7976 | D:7      | Reached skill level 8 in Dodging
  7976 | D:7      | Reached XP level 10. HP: 16/63 MP: 6/19
  8219 | D:7      | Reached *** piety under Cheibriados
  8476 | D:7      | Reached skill level 5 in Invocations
  8698 | D:8      | Noticed a two-headed ogre
  8703 | D:8      | Killed a two-headed ogre
  8703 | D:8      | Reached skill level 9 in Dodging
  8765 | D:8      | Noticed a two-headed ogre
  8772 | D:8      | Killed a two-headed ogre
  8773 | D:8      | Reached **** piety under Cheibriados
  9004 | D:8      | Found a staircase to the Lair.
  9130 | D:8      | Noticed a two-headed ogre
  9141 | D:8      | Killed a two-headed ogre
  9141 | D:8      | Reached skill level 10 in Dodging
  9141 | D:8      | Reached XP level 11. HP: 56/68 MP: 9/20
  9182 | D:8      | Noticed a two-headed ogre
  9200 | D:8      | Killed a two-headed ogre
  9211 | D:8      | Noticed a two-headed ogre
  9224 | D:8      | Killed a two-headed ogre
  9519 | D:8      | Noticed Joseph
  9528 | D:8      | Killed Joseph
  9907 | D:8      | Found a deep blue altar of Sif Muna.
  9908 | D:8      | Found an ancient bone altar of Kikubaaqudgha.
  9908 | D:8      | Found a radiant altar of Vehumet.
  9910 | D:8      | Identified Kikubaaqudgha's Guide on Black Secrets
 10115 | D:8      | Upgraded the game from 0.20-a0-463-g5747544 to 0.20-a0-464-g526fb3c
 10184 | D:9      | Noticed Maurice
 10194 | D:9      | Killed Maurice
 10202 | D:9      | Found a staircase to the Orcish Mines.
 10218 | D:9      | Found a roughly hewn altar of Beogh.
 10238 | D:8      | Reached ***** piety under Cheibriados
 10265 | D:9      | Noticed Pikel
 10276 | D:9      | Killed Pikel
 10554 | D:9      | Reached skill level 5 in Fighting
 10614 | D:9      | Reached skill level 1 in Unarmed Combat
 10702 | D:9      | Noticed Prince Ribbit
 10709 | D:9      | Killed Prince Ribbit
 10867 | D:9      | Found a hazy altar of Hepliaklqana.
 10874 | D:9      | Got a heavily runed leather armour
 10997 | Lair:1   | Entered Level 1 of the Lair of Beasts
 11051 | Lair:1   | Got a jewelled chain mail
 11625 | Lair:2   | Noticed Gastronok
 11676 | Lair:1   | Reached XP level 12. HP: 64/86 MP: 15/21
 11697 | Lair:1   | Noticed a five-headed hydra
 11704 | Lair:1   | Killed a five-headed hydra
 11808 | Lair:2   | Reached skill level 5 in Unarmed Combat
 11868 | Lair:2   | Killed Gastronok
 12188 | Lair:2   | Found a staircase to the Snake Pit.
 12340 | Lair:2   | Noticed a seven-headed hydra
 12346 | Lair:2   | Killed a seven-headed hydra
 13040 | Lair:3   | Found a frozen archway.
 13046 | Lair:3   | Mangled by an ice devil

Vault maps used:
D:1:      dpeg_arrival_simpleton_c, nicolae_ashenzari_panopticon
D:2:      nicolae_overflow_crystal_walls, first_bread, grunt_decor_fettered,
          nicolae_ru_sacrificial_ziggurat, uniq_robin
D:3:      chequers_temple_overflow_minitemple, overflow_temple_1_default
D:4:      overflow_temple_1_default
D:5:      lemuel_doored_altar, serial_shops, shop, hangedman_decor_peaks_small
D:6:      kennysheep_steamy, nicolae_qazlal_general_emergency,
          hangedman_decor_riveting, nicolae_lava_and_water, uniq_duvessa
D:8:      grunt_temple_overflow_magic_moments, erik_lair_orcish_takeover,
          uniq_joseph
D:9:      marbit_many_paths, minmay_orc_entry_temple_small, uniq_maurice,
          uniq_prince_ribbit1, uniq_pikel
Temple:   jpeg_temple_island
Lair:1:   patterned_corridor, lemuel_fruit_tree
Lair:2:   guppyfry_snake_entry_garden, grunt_megastairs_2, lemuel_fruit_fields,
          uniq_gastronok
Lair:3:   minmay_shoals_entry_centaurs, portal_ice_cave_demonic_guard,
          nicolae_lair_grove_arrangements, lemuel_fruit_fields

Skill      XL: |  1  2  3  4  5  6  7  8  9 10 11 12 |
---------------+-------------------------------------+-----
Conjurations   | 2 3 4 5 6 8 |  8.1
Spellcasting   | 3 4 6 |  6.1
Fire Magic     | 4 5 6 7 8 |  8.0
Dodging        | 5 8 10 | 10.2
Invocations    | 3 7 8 |  8.7
Fighting       | 5 |  5.0
Unarmed Combat | 3 9 |  9.6
Stealth        | |  2.0

Action                   |  1- 3 |  4- 6 |  7- 9 | 10-12 || total
-------------------------+-------+-------+-------+-------++-------
Melee: Short sword       |    23 |       |    60 |       ||    83
       Falchion          |       |    40 |   125 |   197 ||   362
       Unarmed           |       |       |       |    29 ||    29
       Punch             |       |       |       |     9 ||     9
 Cast: Flame Tongue      |    75 |   137 |    87 |   146 ||   445
       Sticky Flame      |       |     2 |    27 |    82 ||   111
       Conjure Flame     |       |       |     4 |    33 ||    37
 Abil: Hop               |     2 |       |     2 |     4 ||     8
  Use: Potion            |     1 |       |     2 |       ||     3
       Scroll            |       |     7 |     4 |    12 ||    23
 Stab: Distracted        |       |       |     1 |     1 ||     2
       Sleeping          |       |       |       |     1 ||     1
  Eat: Chunk             |     5 |     6 |    13 |    16 ||    40
       Meat ration       |       |     1 |       |       ||     1
       Fruit             |       |       |     1 |       ||     1
Armor: Robe              |    13 |     1 |       |       ||    14
       Animal skin       |       |    23 |    56 |       ||    79
       Steam dragon scal |       |       |     2 |    62 ||    64
Dodge: Dodged            |    32 |    59 |   192 |   409 ||   692
       Rpst.: Falchion   |       |    12 |    55 |   104 ||   171
